cohdb
Replays
Latest Replays
All Replays
Popular Replays
Top Player Replays
Match Explorer
How It Works
Community
CoH3 Stats
Reddit
Sign in to upload your games and track your stats! →
Sign in with Steam
Match 43210853
Unlisted
Match 43210853
Overview
Messages
Build Orders
End
Construct Weapon Support Center
Selects Heavy Weapons
M1919 Machine Gun Team
Bazooka Squad
M1919 Machine Gun Team
Bazooka Squad
Air Support Center
M3 Armored Personnel Carrier
P-47 Strafing Run
M3 Armored Personnel Carrier
Selects Assault Carriers
Scout Squad
Engineer Squad
Grasshopper Recon Run
M3 Assault Carrier
P-47 Dive Bomb
P-47 Strafing Run
Selects Exchangeable Parts
P-47 Strafing Run
M1919 Machine Gun Team
.30 cal Machine Gun
Forward Retreat Point
P-47 Strafing Run
Double Sortie
Engineer Squad
P-47 Strafing Run
Air Supremacy
Improved Aircraft Armor
Advanced Air Reconnaissance
P-47 Dive Bomb
M1919 Machine Gun Team
P-47 Strafing Run
P-47 Dive Bomb
P-47 Strafing Run
Construct Tank Depot
M1919 Machine Gun Team
P-47 Dive Bomb
Selects M26 Pershing Heavy Tank
M26 Pershing Heavy Tank
M18 Hellcat Tank Destroyer
Grasshopper High-Altitude Recon Run
普通玩家
Candi
Mihono Bourbon
FlagHeros
DaRtH VaDeRX2020
MZMZ
BLACK.DRAGON
jerjawe
0
0
Comments
sign in to comment!
No comments posted yet!